 Dungeon Crawl Stone Soup version 0.18-a0-1180-g64ccc1e (webtiles) character file.

501 Leszczynek the Cruncher (level 7, 0/73 HPs)
             Began as a Naga Wizard on Jan 27, 2016.
             Was an Initiate of Ashenzari.
             Succumbed to a scorpion's poison
             ... on level 5 of the Dungeon.
             The game lasted 00:17:26 (5066 turns).

Leszczynek the Cruncher (Naga Wizard)               Turns: 5066, Time: 00:17:26

Health: 0/73       AC:  4    Str: 12    XL:     7   Next: 17%
Magic:  11/11      EV:  9    Int: 18    God:    Ashenzari [......]
Gold:   150        SH:  0    Dex:  9    Spells: 4 memorised, 4 levels left

rFire  . . .     SeeInvis +     o - +0 quarterstaff (curse)
rCold  . . .     Gourm    .     g - +0 robe (curse)
rNeg   . . .     Faith    .     (shield currently unavailable)
rPois  +         Spirit   .     k - +0 helmet
rElec  .         Dismiss  .     (no cloak)
rCorr  .         Reflect  .     (no gloves)
SustAt .         Harm     .     (no barding)
MR     .....                    (no amulet)
Stlth  ++........               (no ring)
                                (no ring)

@: lethally poisoned (0 -> -4), very slightly contaminated, hasted, quick, not
resistant to hostile enchantments, unstealthy
A: see invisible, deformed body, poison resistance, slowness 2, slow metabolism
1, spit poison 2, AC +2
a: Spit Poison, Renounce Religion


You were on level 5 of the Dungeon.
You worshipped Ashenzari.
Ashenzari was noncommittal.
You were not hungry.

You visited 2 branches of the dungeon, and saw 6 of its levels.

You collected 150 gold pieces.

Inventory:

Hand Weapons
 o - a cursed +0 quarterstaff (weapon)
 z - a +1 mace
Missiles
 f - 43 stones (quivered)
 p - 13 poisoned needles
Armour
 g - a cursed +0 robe (worn)
 k - a +0 helmet (worn)
 y - a +0 ring mail
Jewellery
 a - an uncursed ring of ice
Wands
 h - a wand of random effects (31/48)
Scrolls
 b - a scroll of recharging
 j - a scroll of identify
Potions
 e - a potion of flight
Books
 c - a book of Minor Magic

   Spells                             Type                      Level
   a - Magic Dart                     Conjuration                  1
   b - Blink                          Translocation                2
   c - Call Imp                       Summoning                    2
   d - Repel Missiles                 Charms/Air                   2
   e - Slow                           Hexes                        2
   f - Conjure Flame                  Conjuration/Fire             3
   g - Mephitic Cloud                 Conjuration/Poison/Air       3
 l - a book of Envenomations

   Spells                             Type                      Level
   a - Spider Form                    Transmutation/Poison         3
   b - Olgreb's Toxic Radiance        Poison                       4
   c - Alistair's Intoxication        Transmutation/Poison         5
   d - Poisonous Cloud                Conjuration/Poison/Air       6
Comestibles
 d - a bread ration
 i - a beef jerky
 s - 4 fruits
 w - 4 meat rations


   Skills:
 - Level 7.8 Fighting
 - Level 1.2(6.3) Maces & Flails
 * Level 9.9(10.0) Staves
 - Level 1.5 Dodging
 - Level 3.0 Stealth
 - Level 3.0 Spellcasting
 - Level 1.0 Conjurations
 - Level 3.0 Hexes
   Level 1.0 Summonings
   Level 1.0 Translocations
 + Level 1.5 Poison Magic


You had 4 spell levels left.
You knew the following spells:

 Your Spells              Type           Power        Failure   Level  Hunger
a - Magic Dart            Conj           #...         12%         1    None
b - Repel Missiles        Chrm/Air       #.....       28%         2    ##.....
c - Slow                  Hex            ##......     10%         2    ##.....
d - Mephitic Cloud        Conj/Pois/Air  #.......     34%         3    ###....


Dungeon Overview and Level Annotations

Branches:
Dungeon (5/15)             Temple (1/1) D:4

Altars:
Ashenzari
Cheibriados
Dithmenos
Elyvilon
Kikubaaqudgha
Makhleb
Nemelex Xobeh
Pakellas
Qazlal
Ru
Sif Muna
Trog
Xom
Yredelemnul
Zin
The Shining One


Innate Abilities, Weirdness & Mutations

You cannot wear boots.
Your serpentine skin is tough (AC +2).
You have supernaturally acute eyesight.
Armour fits poorly on your strangely shaped body.
Your system is resistant to poisons.
You cover ground very slowly.
You have a slow metabolism.
You can spit poison.


Message History

You hit the scorpion.
The scorpion is moderately wounded.
The scorpion barely misses you.
You completely miss the scorpion.
The scorpion is moderately wounded.
The orc closely misses you. The scorpion stings you.
* * * LOW HITPOINT WARNING * * *
You are poisoned.
The scorpion poisons you!
Unknown command.
Drink which item? (? for menu, Esc to quit)
You feel yourself speed up.
You feel sick. The orc hits you with a falchion.
* * * LOW HITPOINT WARNING * * *
The scorpion stings you!
* * * LOW HITPOINT WARNING * * *
You are very lightly contaminated with residual magic.
Unknown command.
You barely miss the scorpion.
The scorpion is moderately wounded.
You die...

#.# ###.###
#.....#
###.....###
.(.......
##.....#
#..o.s.#
#.@# #....#
#..### #..
#. #. #


You could see a scorpion and an orc.

Vanquished Creatures
  A big kobold (D:4)
  A scorpion (D:4)
  A giant frog zombie (D:4)
  A hound (D:4)
  An orc priest (D:4)
  2 orc wizards (Temple)
  6 adders
  A worm (D:2)
  4 giant geckos
  3 orcs
  5 giant cockroaches
  3 hobgoblins (D:1)
  2 jackals (D:4)
  A ball python skeleton (D:4)
  10 bats
  6 giant newts
  6 goblins
  2 kobolds
  6 rats
62 creatures vanquished.

Notes
Turn   | Place    | Note
--------------------------------------------------------------
     0 | D:1      | Leszczynek the Naga Wizard began the quest for the Orb.
     0 | D:1      | Reached XP level 1. HP: 15/15 MP: 4/4
   105 | D:1      | Reached skill level 1 in Fighting
   244 | D:1      | Reached XP level 2. HP: 23/25 MP: 6/6
   275 | D:1      | Learned a level 2 spell: Repel Missiles
   278 | D:1      | Learned a level 2 spell: Slow
  1191 | D:2      | Reached XP level 3. HP: 20/32 MP: 7/7
  1320 | D:2      | Reached skill level 1 in Hexes
  2026 | D:2      | Reached XP level 4. HP: 39/42 MP: 8/8
  3216 | D:3      | Found a shattered altar of Ashenzari.
  3652 | D:4      | Reached skill level 1 in Maces & Flails
  3652 | D:4      | Reached XP level 5. HP: 4/49 MP: 6/9
  4107 | D:4      | Found a staircase to the Ecumenical Temple.
  4114 | Temple   | Entered the Ecumenical Temple
  4148 | Temple   | Became a worshipper of Ashenzari the Shackled
  4262 | D:4      | Noticed a big kobold
  4302 | D:4      | Noticed a phantom
  4359 | Temple   | Reached skill level 7 in Fighting
  4359 | Temple   | Reached skill level 9 in Staves
  4359 | Temple   | Reached XP level 6. HP: 8/67 MP: 10/10
  4842 | D:4      | Learned a level 3 spell: Mephitic Cloud
  4913 | D:4      | Reached skill level 1 in Poison Magic
  4913 | D:4      | Reached XP level 7. HP: 61/73 MP: 6/11
  4958 | D:5      | Entered Level 5 of the Dungeon
  5065 | D:5      | HP: 1/73 [scorpion (9)]
  5066 | D:5      | Succumbed to a scorpion's poison

Vault maps used:
D:1:      minmay_arrival_four_loops
D:3:      lemuel_statue_altar
D:4:      minmay_temple_entry_statues_pillars, serial_shops, nicolae_shop_stone
D:5:      first_bread, corexii_checkpoint_b, okawaru_metal_pillars_3,
          uniq_crazy_yiuf_cottage, uniq_eustachio, uniq_edmund
Temple:   lightli_temple_of_artemis

Action                   |  1- 3 |  4- 6 |  7- 9 || total
-------------------------+-------+-------+-------++-------
Melee: Whip              |   107 |    25 |       ||   132
       Short sword       |       |    66 |       ||    66
       Mace              |       |    26 |       ||    26
       Quarterstaff      |       |    76 |    25 ||   101
Throw: Stone             |       |     3 |     1 ||     4
 Cast: Magic Dart        |    20 |     1 |       ||    21
       Slow              |     9 |    21 |     2 ||    32
  Use: Scroll            |     2 |     6 |       ||     8
       Potion            |     2 |     5 |     2 ||     9
 Stab: Sleeping          |     6 |     3 |       ||     9
  Eat: Chunk             |     2 |     6 |       ||     8
       Royal jelly       |       |     1 |       ||     1
       Beef jerky        |       |       |     1 ||     1
